 Dungeon Crawl Stone Soup version 0.13.0-19-g8e0b589 (webtiles) character file.

609 Ragg the Firebug (level 7, -3/50 HPs)
             Began as a Hill Orc Fire Elementalist on Oct 24, 2013.
             Killed from afar by an orc wizard (10 damage)
             ... with a magic dart
             ... on Level 5 of the Dungeon.
             The game lasted 00:30:09 (5296 turns).

Ragg the Firebug (Hill Orc Fire Elementalist)       Turns: 5296, Time: 00:30:09

HP  -3/50        AC  3     Str 10 (11) XL: 7   Next:  6%
MP  18/22        EV 17     Int 17      God:
Gold 150         SH  0     Dex 16      Spells:  2 memorised,  8 levels left

Res.Fire  : . . .   See Invis. : .   B - +1,+3 orc falchion
Res.Cold  : . . .   Warding    : .   a - +0 orc robe
Life Prot.: . . .   Conserve   : .   (no shield)
Res.Poison: .       Res.Corr.  : .   (no helmet)
Res.Elec. : .       Clarity    : .   h - +0 cloak
Sust.Abil.: + .     Spirit.Shd : .   (no gloves)
Res.Mut.  : .       Stasis     : .   (no boots)
Res.Rott. : .       Flight     : .   (no amulet)
Saprovore : + . .                    r - ring of magical power
                                     f - ring of sustain abilities

@: about to teleport, exhausted, agile, slowed, very slow, slightly resistant to
hostile enchantments, quite stealthy
A: saprovore 1
a: no special abilities


You were on level 5 of the Dungeon.
You were hungry.

You visited 1 branch of the dungeon, and saw 5 of its levels.

You collected 130 gold pieces.

Inventory:

Hand weapons
 B - a +1,+3 orcish falchion (weapon)
Missiles
 e - 15 poisoned needles
 p - 28 darts (quivered)
 t - 7 stones
Armour
 a - a +0 orcish robe (worn)
 h - a +0 cloak (worn)
Magical devices
 j - a wand of paralysis (11) {unknown}
 D - a wand of cold (6) {unknown}
Comestibles
 c - a meat ration
 d - 2 chunks of worker ant flesh
 s - an apple
 C - a bread ration
Scrolls
 g - a scroll of noise
 n - 4 scrolls of teleportation
 q - a scroll of enchant armour {unknown}
 u - 2 scrolls of enchant weapon I {unknown}
 v - 2 scrolls of fog {unknown}
 x - 2 scrolls of curse armour {unknown}
 y - 3 scrolls of identify
 z - 2 scrolls of remove curse
 F - a scroll of amnesia {unknown}
Jewellery
 f - a ring of sustain abilities (left hand)
 o - an uncursed ring of teleportation
 r - a ring of magical power (right hand)
Potions
 i - a potion of flight
 l - a potion of degeneration
 m - a potion of curing {unknown}
 w - a potion of might {unknown}
 E - a potion of slowing {unknown}
 G - a potion of berserk rage
Books
 b - a book of Flames

   Spells                             Type                      Level
   *Flame Tongue                      Conjuration/Fire             1
   *Throw Flame                       Conjuration/Fire             2
   Conjure Flame                      Conjuration/Fire             3
   Inner Flame                        Hexes/Fire                   3
   Sticky Flame                       Conjuration/Fire             4
   Fireball                           Conjuration/Fire             5


   Skills:
 - Level 1.5 Dodging
 - Level 1.5 Stealth
 - Level 2.7 Spellcasting
 * Level 4.9 Conjurations
 + Level 5.1 Fire Magic


You had 8 spell levels left.
You knew the following spells:

 Your Spells              Type           Power        Failure   Level  Hunger
a - Flame Tongue          Conj/Fire      ###..        2%          1    #......
b - Throw Flame           Conj/Fire      ###...       3%          2    ##.....


Dungeon Overview and Level Annotations

Branches:
Dungeon (5/27)
 Temple: D:4-7

Altars:
the Shining One


Innate Abilities, Weirdness & Mutations

You can tolerate rotten meat.


Message History

Ouch!
You feel a strong urge to attack something.
You completely miss it.
You feel less confused. It barely misses you.
You closely miss it.
You are no longer berserk.
You are exhausted.
You feel yourself slow down.
You are feeling hungry.
You hear some strange, mumbled words.
Something tries to affect you, but you resist.
Casting: Flame Tongue
Confirm with . or Enter, or press ? or * to list all spells.
Okay, then.
Read which item? (? for menu, Esc to quit)
As you read the scroll of teleportation, it crumbles to dust.
You feel strangely unstable.
You hear some strange, mumbled words.
The magic dart hits you!
You die...

##########
#######........#######
#####..............#.....#
#..................#.....##
#..................#.......
#..[......(................
#........).................
#.........@................
....##....(############.........
...........# #............
##...##+##.# ......#####... #...
#o# .......# #... ##. ..#
....... #>.. ## o#.# ...... #...
.##.. ..... #... .. ... . . #...


There were no monsters in sight!

Vanquished Creatures
  A phantom (D:4)
  A giant frog skeleton (D:4)
  A quasit (D:5)
  A hound (D:4)
  An iguana (D:4)
  2 worker ants
  7 adders
  3 gnolls (D:2)
  An adder skeleton (D:4)
  5 giant geckos
  7 orcs
  2 ball pythons
  13 goblins
  9 hobgoblins
  8 bats
  6 giant cockroaches
  7 giant newts
  A hobgoblin skeleton (D:4)
  11 jackals
  10 kobolds
  A kobold skeleton (D:4)
  11 rats
109 creatures vanquished.

Notes
Turn   | Place    | Note
--------------------------------------------------------------
     0 | D:1      | Ragg, the Hill Orc Fire Elementalist, began the quest for the Orb.
     0 | D:1      | Reached XP level 1. HP: 14/14 MP: 3/3
   281 | D:1      | Reached XP level 2. HP: 10/20 MP: 4/4
   288 | D:1      | Learned a level 2 spell: Throw Flame
   422 | D:1      | bongbaron: conjure flame owns ragg
   423 | D:1      | bongbaron: things w/ no brains will stand in it
   423 | D:1      | Ragg: yes
   423 | D:1      | bongbaron: zombies, jellies, etc
   429 | D:1      | bongbaron: u posted sayin it s tink
   431 | D:1      | bongbaron: well it owns!
   431 | D:1      | Ragg: oh
   431 | D:1      | Ragg: well
   431 | D:1      | Ragg: i dont know
   431 | D:1      | Ragg: it doesnt seem to last more than 1 round or w/e...
   431 | D:1      | Nihnoz: ARe you winning
   431 | D:1      | Ragg: does it do that when my skill goes up?
   431 | D:1      | bongbaron: it gets stronger w/ power
   431 | D:1      | bongbaron: yea
   431 | D:1      | Ragg: Im winning so far
   431 | D:1      | bongbaron: itll last annoyingly long later
   642 | D:1      | Ragg: oh lol
   642 | D:1      | Ragg: ive been casting flame tongue
   642 | D:1      | Ragg: Not conjure flame
   642 | D:1      | Ragg: Thats why...
   642 | D:1      | Nihnoz: oh this is dlv 1
   642 | D:1      | Ragg: Im a noob
   648 | D:1      | Ragg: how do i switch spell short cuts
   648 | D:1      | ark: press =
   648 | D:1      | Ragg: Cool
   648 | D:1      | Ragg: Throw flame
   648 | D:1      | Ragg: Is what i meant by the way
   648 | D:1      | Ragg: not conjure flame
   648 | D:1      | Ragg: Sorry for being a noob
   648 | D:1      | bongbaron: yeah throw flame isbnt that great
   755 | D:1      | bongbaron: b/c flame puff or w/e the level 1 one is
   778 | D:1      | bongbaron: that gets stronger w/ power
   778 | D:1      | bongbaron: it gets more range too
   778 | D:1      | Ragg: so i should just use flame tongue instead of throw flame?
   794 | D:1      | bongbaron: it never gets long ass range like throw flame
   799 | D:1      | bongbaron: basically yeah
   801 | D:1      | bongbaron: unless something really threatening and far away u need to kill immediately
   887 | D:1      | bongbaron: if its in range its more efficneit to blast away w/ flame tongue, esp as ur fire magic go up
  1012 | D:1      | Reached XP level 3. HP: 11/26 MP: 0/5
  1757 | D:2      | Ragg: ...
  2346 | D:2      | Reached skill level 4 in Fire Magic
  2346 | D:2      | Reached XP level 4. HP: 33/33 MP: 1/7
  2389 | D:2      | Ragg: i imagine conjure flame would be epic here
  2393 | D:2      | HP: 1/33 [gnoll/flail (10)]
  2395 | D:2      | bongbaron: gnolls are too smart and low hp to walk into it
  2395 | D:2      | Ragg: hmm
  2396 | D:2      | bongbaron: it would be combo'd with meph cloud tho b/c then you confuse them into it
  2402 | D:2      | ark: you can lay it down in a hallway then shoot spells or poke a spear over it at them though
  2402 | D:2      | Ragg: yea
  2402 | D:2      | Ragg: i would just throw darts at em
  2402 | D:2      | Ragg: or some shit
  2402 | D:2      | Ragg: if they didnt wanna walk on it
  2611 | D:2      | bongbaron: yeah it lets u get free ranged attacks on em
  2635 | D:2      | bongbaron: try on ur rings
  2635 | D:2      | Ragg: every time
  2635 | D:2      | bongbaron: try ur biggest stack of scrolls
  2637 | D:2      | bongbaron: remove curse is 2nd most likely after ID
  2640 | D:2      | Ragg: sweet
  2763 | D:2      | tripwire: that kobold was goalie for the dart team
  3288 | D:2      | Reached XP level 5. HP: 35/38 MP: 9/9
  3289 | D:2      | Ragg: conjure or sticky first. I guess sticky is to risky to use yet
  3289 | D:2      | tripwire: stinky flame is only a smalll way away
  3289 | D:2      | tripwire: conjure flame is like
  3289 | D:2      | tripwire: you have to use it very carefully
  3289 | D:2      | tripwire: its good for burning mindless undead
  3289 | D:2      | Ragg: Well ill get both
  3289 | D:2      | Ragg: or
  3289 | D:2      | tripwire: like zombies will just chill in the fire trying to hit y ou
  3289 | D:2      | Ragg: Maybe just get sticky flame
  3289 | D:2      | tripwire: or u can use it to block a hallway
  3289 | D:2      | Ragg: Since that wil let me kite ogres and shit
  3289 | D:2      | tripwire: while u run
  3289 | D:2      | tripwire: or if u get a way to confuse monsters
  3289 | D:2      | tripwire: its good to confuse them and make them walk into conjured flames
  3289 | D:2      | Ragg: Ill just hold off
  3299 | D:2      | tripwire: but on its own you cant just like blast monsters with it like a nromal spell
  3370 | D:2      | tripwire: its more like a trap/utility spell
  3371 | D:2      | tripwire: whereas stickyflame is like having the super shotgun in quake2
  3374 | D:2      | bongbaron: yeah its not super essential like sticky flame
  3385 | D:2      | bongbaron: and fireball
  3492 | D:2      | bongbaron: fire elementalist is the strongest starting book by far for shheer blasting power
  3492 | D:2      | Ragg: lol ok
  3495 | D:3      | bongbaron: rip conjurers with freezing cloud..
  3527 | D:3      | Found a glowing golden altar of the Shining One.
  3528 | D:3      | tripwire: did they nerf freezing cloud or something ??
  3537 | D:3      | tripwire: freezing cloud was FUel Of win
  3540 | D:3      | bongbaron: no but conjurers dont get it anymore
  3543 | D:3      | bongbaron: in the starting book
  3547 | D:3      | bongbaron: new book is nice
  3558 | D:3      | bongbaron: but meph cloud and freezing cloud in the same book was insane
  3564 | D:3      | tripwire: heh yeah
  3601 | D:3      | tripwire: they call them giant newts but really theyre like pigmy iguanas
  3844 | D:3      | bongbaron: newts r tiny
  3888 | D:3      | bongbaron: u could have a newt the size of ur forearm and itd be giant
  3902 | D:3      | bongbaron: thats less threatening than a chichuahua, and i could beat up a chihuahua
  4161 | D:4      | tripwire: if they let ppl pick felids, they should make chihuahua a playable race
  4288 | D:4      | bongbaron: corgis
  4345 | D:4      | tripwire: whats with this D:4 made out of solid iron
  4353 | D:4      | Reached XP level 6. HP: 45/45 MP: 11/11
  4411 | D:4      | bongbaron: is that what it is. all i see is gross ass pixels for stink noobs who cant imagine. ohoho
  4411 | D:4      | Ragg: Tiles ftw.
  4411 | D:4      | tripwire: lol
  4492 | D:4      | bongbaron: tiles is some dos era platformer ass graphics
  4504 | D:4      | bongbaron: hocus pocus had better graphix than this
  4512 | D:4      | bongbaron: turn up the graphics on dungeon level 3
  4512 | D:4      | tripwire: lol yeah but its not like it could be improved while still being an ascii game
  4515 | D:4      | bongbaron: vultures eye is a thing
  4583 | D:4      | Noticed a phantom
  4584 | D:4      | tripwire: theres already tiles only things like being able to tell what monsters are holding what weapons from a galnce
  4586 | D:4      | tripwire: vultures eye looks like dogshit lol
  4594 | D:4      | bongbaron: crawl team could prolly make one that doesnt tho
  4599 | D:4      | tripwire: i doubt it
  4607 | D:4      | tripwire: like
  4607 | D:4      | Killed a phantom
  4808 | D:4      | tripwire: many things which come together to make 2d tile based games look good wouldnt work in crawl
  4889 | D:4      | bongbaron: ultima games had some fucked up angles, theres gotta be a way to make isometric frontend for ascii tile games
  4892 | D:4      | tripwire: and imo the sprites of the monsters aren't THAt bad.. i kinda like some of em
  4898 | D:4      | Reached skill level 5 in Fire Magic
  4946 | D:4      | bongbaron: no i know its a really good tile set im just playin Nicka
  4946 | D:4      | bongbaron: its way better than any other rl one ive seen except doom
  4946 | D:4      | tripwire: ya
  5015 | D:4      | bongbaron: but, ascii master race
  5062 | D:4      | bongbaron: who are u gonna warship ragg
  5062 | D:4      | Ragg: uhh
  5062 | D:4      | Ragg: v something
  5062 | D:4      | Ragg: i forget his nam
  5062 | D:4      | Ragg: the oaster god dude
  5062 | D:4      | Ragg: probably?
  5062 | D:4      | bongbaron: vehumet gives u good strong spells fast, and u dont have to spend xp, but sif muna will give you a big variety of cool spells
  5062 | D:4      | Ragg: Ill take recommendations
  5062 | D:4      | bongbaron: and give you on demand chanenling
  5062 | D:4      | Ragg: yeah one of those
  5062 | D:4      | bongbaron: theyre both good
  5112 | D:4      | tripwire: veh gives u MP regen on kill, sif gives u MP regen as an ability
  5113 | D:4      | tripwire: diff playstyles
  5115 | D:5      | Entered Level 5 of the Dungeon
  5116 | D:5      | bongbaron: w/ sif your EVENTUALLY guaranteed every spell, haste deflect missiles controlled blink lichform firestorm all of it
  5116 | D:5      | Ragg: we'll se which one i find first
  5146 | D:5      | tripwire: ull prolly find both
  5149 | D:5      | bongbaron: with vehumet your guaranteed firestorm and all the coolest blasting spells to use, by like midgame
  5171 | D:5      | tripwire: i got tired of using either sif/veh on casters since i always do, so now i usually try to pick another god like ash or chei or xom
  5173 | D:5      | bongbaron: yeah movst likely u find both at the same time also do u rly got a timber yard
  5235 | D:5      | tripwire: Raggs Lumber
  5235 | D:5      | bongbaron: chei is barf xom is sfor shits and giggles and ash is kewl but i hate not being able to staff juggle
  5235 | D:5      | Ragg: no not really
  5235 | D:5      | Ragg: its a meme
  5237 | D:5      | bongbaron: aw
  5240 | D:5      | Reached XP level 7. HP: 42/50 MP: 13/13
  5267 | D:5      | tripwire: chei is weird lol. its like u become insanely powerful, but also insanely fragile
  5281 | D:5      | bongbaron: i almost 15 runed a tree of chei once i think but died in tomb because i didnt have mass abj
  5283 | D:5      | tripwire: Ragg
  5284 | D:5      | bongbaron: and statue form moving around all those summoned ghosts was death
  5284 | D:5      | sugary: chei is kind of like a stomping tank thing. like every step you take means everything takes like 8 free shots at you
  5284 | D:5      | Ragg: this is some shit
  5284 | D:5      | tripwire: thers an invisble orc wizard pelting you
  5284 | D:5      | Ragg: yes
  5284 | D:5      | tripwire: do you have sticky flame memo yet?
  5284 | D:5      | Ragg: it would be a good time to have inner flame huh
  5284 | D:5      | Ragg: sticky flame
  5284 | D:5      | Ragg: its not memorized
  5284 | D:5      | bongbaron: quaff curing to get rid of confuse
  5284 | D:5      | tripwire: ok
  5284 | D:5      | tripwire: get in a hallway
  5284 | D:5      | bongbaron: and teleport away
  5284 | D:5      | bongbaron: and memorize sticky flame
  5284 | D:5      | tripwire: hrmm
  5284 | D:5      | tripwire: lol
  5284 | D:5      | bongbaron: quaff agi for now
  5284 | D:5      | bongbaron: to help dodge flame puffs and orc
  5284 | D:5      | bongbaron: and try 2 find curing lol
  5286 | D:5      | tripwire: lol
  5287 | D:5      | Nihnoz: Lol.
  5287 | D:5      | tripwire: GO HAM!
  5287 | D:5      | bongbaron: smash a nigga
  5287 | D:5      | Ragg: what the christ...
  5287 | D:5      | sugary: welp.
  5289 | D:5      | tripwire: ITS ZERK TIME
  5289 | D:5      | Ragg: lmao
  5289 | D:5      | bongbaron: smash it
  5289 | D:5      | sugary: lol
  5289 | D:5      | tripwire: go left
  5290 | D:5      | bongbaron: smash it 2 def
  5293 | D:5      | tripwire: go left young one
  5293 | D:5      | bongbaron: go weeeest
  5296 | D:5      | bongbaron: aw crap
  5296 | D:5      | bongbaron: can u tele
  5296 | D:5      | Nihnoz: NOOOO
  5296 | D:5      | tripwire: quaff more
  5296 | D:5      | sugary: ohhh shit
  5296 | D:5      | Killed from afar by an orc wizard

Action                   |  1- 3 |  4- 6 |  7- 9 || total
-------------------------+-------+-------+-------++-------
Melee: Short sword       |    95 |    19 |       ||   114
       Falchion          |       |       |     7 ||     7
Throw: Dart              |    18 |   104 |     1 ||   123
       Stone             |       |     1 |       ||     1
 Cast: Flame Tongue      |    34 |   125 |     9 ||   168
       Throw Flame       |     1 |       |       ||     1
  Use: Scroll            |     1 |     3 |     1 ||     5
       Potion            |     2 |     2 |     4 ||     8
 Stab: Sleeping          |     3 |       |       ||     3
